 Dungeon Crawl Stone Soup version 0.22.0 (webtiles) character file.

60 KnightedAnt the Skirmisher (level 4, 0/37 HPs)
             Began as a Formicid Abyssal Knight on Oct 30, 2018.
             Was a Believer of Lugonu.
             Slain by Terence
             ... wielding a +1 mace of protection
              (7 damage)
             ... on level 3 of the Dungeon.
             The game lasted 00:02:57 (1587 turns).

KnightedAnt the Skirmisher (FoAK)                   Turns: 1587, Time: 00:02:58

Health: 0/37       AC:  3    Str: 17    XL:     4   Next: 24%
Magic:  6/6        EV: 11    Int: 12    God:    Lugonu [**....]
Gold:   165        SH:  0    Dex: 10    Spells: 3/3 levels left

rFire    . . .     SeeInvis +   a - +1 mace
rCold    . . .     Gourm    .   (no shield)
rNeg     . . .     Faith    .   b - +0 leather armour
rPois    .         Spirit   .   (helmet unavailable)
rElec    .         Reflect  .   (no cloak)
rCorr    .         Harm     .   (no gloves)
MR       .....                  (no boots)
Stlth    +.........             (no amulet)
HPRegen  0.12/turn              (no ring)
MPRegen  0.10/turn              (no ring)

@: no status effects
A: permanent stasis, dig shafts and tunnels, four strong arms, antennae 3
a: Dig, Shaft Self, Depart the Abyss, Bend Space, Renounce Religion


You were on level 3 of the Dungeon.
You worshipped Lugonu.
Lugonu was pleased with you.
You were hungry.

You visited 1 branch of the dungeon, and saw 3 of its levels.
You visited the Abyss 1 time.

You collected 165 gold pieces.

Inventory:

Hand Weapons
 a - a +1 mace (weapon)
Missiles
 f - 64 stones (quivered)
Armour
 b - a +0 leather armour (worn)
Jewellery
 o - a cursed ring of attention {unknown}
Scrolls
 i - 2 scrolls of enchant weapon {unknown}
 j - 4 scrolls of identify {unknown}
 l - 3 scrolls of remove curse {unknown}
 n - a scroll of noise {unknown}
 p - a scroll of fog {unknown}
Potions
 d - 3 potions of mutation {unknown}
 e - a potion of resistance {unknown}
 h - a potion of might {unknown}
 k - 2 potions of degeneration {unknown}
 m - a potion of heal wounds {unknown}
Comestibles
 c - 3 rations
 g - a chunk of flesh


   Skills:
 + Level 3.7 Fighting
 + Level 2.6 Maces & Flails
 + Level 2.9 Armour
 + Level 1.5 Dodging
 + Level 2.9 Invocations


You had 3 spell levels left.
You didn't know any spells.
Your spell library was empty.

Dungeon Overview and Level Annotations

Branches:
Dungeon (3/15)

Altars:
Trog
The Shining One

Annotations:
D:3 Terence


Innate Abilities, Weirdness & Mutations

You cannot be hasted, slowed, berserked, paralysed or teleported.
You can dig through walls and to a lower floor.
Your four strong arms can wield two-handed weapons with a shield.
You have a pair of large antennae on your head. (SInv)


Message History

* * * LOW HITPOINT WARNING * * *
You barely miss Terence.
Terence is heavily wounded.
Terence misses you.
You are feeling hungry.
You hit Terence.
Terence is severely wounded.
Terence hits you but does no damage.
You hit Terence but do no damage.
Terence is severely wounded.
Terence barely misses you.
You hit Terence.
Terence is almost dead.
Terence hits you with a mace of protection.
* * * LOW HITPOINT WARNING * * *
Terence hits you but does no damage.
You hit Terence but do no damage.
Terence is almost dead.
Terence hits you with a mace of protection!
You die...

### ..### ###.#..
# ...#.####.#
#..#.<....# #.
#..#.###..#
....###./#......#
#......%.#.#....
#.#.#@.#.....####
#.?...@....#.#.#
...........#.#.#
....#.#..#.# #.#
...........$.
.##..##.##.(##
... #.# ..# ....
#.# .


You could see Terence.

Vanquished Creatures
  An ooze (D:1)
  A worm (D:3)
  A dart slug (D:1)
  2 leopard geckos
  2 giant cockroaches
  9 hobgoblins
  4 jackals
  7 bats
  3 frilled lizards
  4 goblins
  5 kobolds (D:1)
  7 rats
46 creatures vanquished.

Notes
Turn   | Place    | Note
-------+----------+-------------------------------------------
     0 | Abyss:1  | KnightedAnt the Formicid Abyssal Knight began the quest for the Orb.
     0 | Abyss:1  | Reached XP level 1. HP: 18/18 MP: 2/2
    36 | Abyss:2  | Noticed a quasit
    48 | D:1      | Escaped the Abyss
   172 | D:1      | Reached skill level 1 in Dodging
   191 | D:1      | Reached XP level 2. HP: 21/24 MP: 3/3
   199 | D:1      | Reached * piety under Lugonu
   488 | D:1      | Reached XP level 3. HP: 16/29 MP: 4/4
   581 | D:1      | Found a glowing golden altar of the Shining One.
  1089 | D:2      | Reached XP level 4. HP: 37/37 MP: 6/6
  1133 | D:2      | Found a bloodstained altar of Trog.
  1143 | D:2      | Reached ** piety under Lugonu
  1571 | D:3      | Noticed Terence
  1587 | D:3      | Slain by Terence

Skill      XL: |  1 |
---------------+----+-----
Dodging        | 1 |  1.5
Fighting       | |  3.7
Maces & Flails | |  2.6
Armour         | |  2.9
Invocations    | |  2.9

Action                   |  1- 3 |  4- 6 || total
-------------------------+-------+-------++-------
Melee: Mace              |   126 |    33 ||   159
Invok: Depart the Abyss  |     1 |       ||     1
 Abil: Dig               |     1 |       ||     1
  Eat: Chunk             |     1 |     1 ||     2
Armor: Leather armour    |    78 |     3 ||    81
Dodge: Dodged            |   115 |    17 ||   132
